Map: Purity and Industry LE

Players

FrameSticker

  • Race: Protoss Protoss
  • League: Diamond
  • Spawn Location: 12:00

spireet - Winner!

  • Race: Zerg Zerg
  • League: Diamond
  • Spawn Location: 3:00

VOD

Have the link to the VOD?

Description

Time

  • Played on: May 11, 2020, 9:17 a.m.
  • Length: 7:28
Show
View Real Time Build Order
Export as new Build Order

FrameSticker Protoss 

Build Orders: 1 Gate Expand, Proxy Void Ray 

Get SALT Encoding   

  12  0:01  Probe  
  13  0:13  Probe  
  14  0:18  Pylon  
  14  0:25  Probe (Chrono Boost)  
  15  0:37  Probe (Chrono Boost)  
  15  0:40  Gateway  
  16  0:45  Probe (Chrono Boost)  
  17  0:50  Assimilator  
  17  0:52  Probe (Chrono Boost)  
  18  1:04  Probe (Chrono Boost)  
  19  1:13  Probe (Chrono Boost)  
  20  1:27  Nexus  
  20  1:38  Cybernetics Core  
  20  1:41  Probe  
  20  1:46  Assimilator  
  21  1:53  Probe  
  22  1:57  Pylon  
  22  2:05  Probe  
  23  2:12  Adept (Chrono Boost)  
  23  2:14  Warp Gate  
  25  2:17  Probe  
  26  2:29  Stargate  
  27  2:30  Probe (Chrono Boost)  
  27  2:35  Adept  
  29  2:40  Probe (Chrono Boost)  
  31  2:47  Probe (Chrono Boost)  
  31  2:49  Probe (Chrono Boost)  
  32  2:52  Assimilator  
  32  2:54  Probe x2 (Chrono Boost)  
  34  3:06  Probe x2  
  34  3:11  Pylon  
  36  3:18  Void Ray (Chrono Boost), Probe  
  41  3:23  Probe  
  42  3:30  Probe  
  42  3:34  Shield Battery  
  41  3:35  Shield Battery, Probe  
  42  3:42  Probe  
  42  3:47  Probe  
  44  3:52  Void Ray (Chrono Boost)  
  44  3:54  Probe  
  49  3:58  Pylon  
  49  4:03  Shield Battery  
  49  4:06  Probe  
  49  4:07  Adept  
  52  4:11  Probe  
  52  4:14  Pylon  
  53  4:18  Probe  
  53  4:19  Gateway  
  54  4:29  Void Ray (Chrono Boost)  
  54  4:30  Probe x2  
  60  4:43  Fleet Beacon  
  60  4:44  Probe  
  62  4:47  Assimilator  
  62  4:49  Probe  
  62  4:51  Protoss Air Weapons Level 1  
  62  4:56  Probe  
  63  5:00  Twilight Council  
  63  5:01  Probe  
  62  5:07  Pylon  
  60  5:14  Adept  
  60  5:15  Adept  
  60  5:17  Probe x2  
  66  5:29  Probe x2  
  66  5:40  Unknown  
  66  5:41  Probe x2  
  68  5:44  Void Ray (Chrono Boost)  
  72  6:04  Pylon  
  72  6:13  Stargate  
  72  6:22  Pylon  
  72  6:38  Shield Battery  
  72  6:39  Shield Battery  
  68  6:40  Cybernetics Core  
  68  6:41  Shield Battery  
  68  6:43  Shield Battery  
  68  6:44  Zealot x2  
  68  6:50  Void Ray (Chrono Boost)  
  62  6:55  Probe x2  
  54  7:07  Probe x2  
  54  7:08  Gateway  
Show
View Real Time Build Order
Export as new Build Order

spireet Zerg - Winner!

Build Orders: Hatch First 

Get SALT Encoding   

  12  0:01  Drone  
  13  0:12  Overlord  
  13  0:18  Drone  
  14  0:31  Drone x2  
  14  0:35  Drone  
  17  0:53  Hatchery  
  16  0:57  Extractor  
  15  1:09  Spawning Pool  
  14  1:13  Drone  
  14  1:17  Drone  
  16  1:20  Drone  
  17  1:26  Drone  
  18  1:36  Drone  
  19  1:47  Overlord  
  19  1:58  Queen  
  21  2:01  Drone  
  21  2:08  Queen  
  24  2:10  Metabolic Boost  
  24  2:14  Drone  
  25  2:18  Drone  
  26  2:24  Drone x2  
  28  2:43  Queen  
  28  2:44  Lair  
  30  2:55  Zergling x6  
  30  2:56  Zergling x4  
  35  2:59  Drone  
  36  3:12  Overlord  
  36  3:30  Queen  
  38  3:36  Drone x3  
  41  3:43  Nydus Network  
  41  3:44  Queen  
  42  3:51  Overlord x3  
  42  4:12  Zergling x18  
  51  4:20  Nydus Canal  
  51  4:32  Overseer  
  51  4:36  Zergling x8  
  55  4:44  Queen  
  55  4:45  Queen  
  59  4:53  Spore Crawler  
  58  5:03  Nydus Canal  
  53  5:34  Queen  
  51  5:50  Overlord x3  
  51  5:51  Overlord  
  51  6:05  Nydus Canal  
  51  6:06  Queen, Hatchery  
  51  6:10  Queen  
  54  6:14  Zergling x2  
  54  6:15  Zergling x8  
  54  6:40  Zergling x2  
  54  6:42  Queen  
  54  6:46  Queen  
  56  6:55  Zergling x10  
Tags
 
Add a new tag
Caveats
  • Supply blocks, unpowered buildings, or Contaminate may cause inaccurate times.
  • Supply counts are checked every 10 seconds.